 Dungeon Crawl Stone Soup version 0.21-a0-496-g696f58f (webtiles) character file.

247 torrenera the Slasher (level 5, 0/42 HPs)
             Began as a Demonspawn Fighter on Nov 23, 2017.
             Killed from afar by lauthentik's ghost (4 damage)
             ... with a magic dart
             ... on level 3 of the Dungeon.
             The game lasted 00:03:46 (1791 turns).

torrenera the Slasher (Demonspawn Fighter)          Turns: 1791, Time: 00:03:46

Health: 0/42       AC:  8    Str: 17    XL:     5   Next: 85%
Magic:  5/5        EV:  6    Int:  9    God:
Gold:   109        SH:  8    Dex: 13    Spells: 4/4 levels left

rFire    . . .     SeeInvis .   a - +0 long sword
rCold    . . .     Gourm    .   c - +0 shield
rNeg     . . .     Faith    .   b - +0 scale mail
rPois    .         Spirit   .   (no helmet)
rElec    .         Reflect  .   (no cloak)
rCorr    .         Harm     .   (no gloves)
MR       .....                  (no boots)
Stlth    ..........             (no amulet)
HPRegen  0.14/turn              (no ring)
MPRegen  0.09/turn              (no ring)

@: no status effects
A: hooves 1, iridescent scales 1, powered by death 1
a: no special abilities


You were on level 3 of the Dungeon.
You were not hungry.

You visited 1 branch of the dungeon, and saw 3 of its levels.

You collected 109 gold pieces.

Inventory:

Hand Weapons
 a - a +0 long sword (weapon)
Missiles
 i - 124 stones (quivered)
Armour
 b - a +0 scale mail (worn)
 c - a +0 shield (worn)
Scrolls
 e - a scroll of amnesia {unknown}
 h - 3 scrolls of remove curse {unknown}
 l - a scroll of teleportation {unknown}
 m - 3 scrolls of identify {unknown}
 r - a scroll of immolation {unknown}
 s - a scroll of random uselessness {unknown}
Potions
 j - a potion of cancellation {unknown}
 k - a potion of curing {unknown}
 n - a potion of flight {unknown}
 o - a potion of agility {unknown}
Books
 d - a book of Maledictions

   Spells                             Type                      Level
   a - Corona                         Hexes                        1
   b - Ensorcelled Hibernation        Hexes/Ice                    2
   c - Confuse                        Hexes                        3
   d - Tukima's Dance                 Hexes                        3
   e - Dazzling Spray                 Conjuration/Hexes            3
Comestibles
 f - a bread ration
 p - a fruit
 q - 2 meat rations


   Skills:
 + Level 3.9 Fighting
 * Level 5.1 Long Blades
 - Level 2.6 Armour
 - Level 2.6 Shields


You had 4 spell levels left.
You didn't know any spells.

Dungeon Overview and Level Annotations

Branches:
Dungeon (3/15)

Altars:
Elyvilon
Uskayaw

Annotations:
D:3 lauthentik's ghost, amateur DrCj


Innate Abilities, Weirdness & Mutations

You have large cloven feet.
You are partially covered in iridescent scales. (AC +2)
You regenerate a little health from kills.


Message History

* * * LOW HITPOINT WARNING * * *
Lauthentik's ghost burns you.
* * * LOW HITPOINT WARNING * * *
You hit lauthentik's ghost.
Lauthentik's ghost is severely damaged.
You block lauthentik's ghost's attack.
You miss lauthentik's ghost.
Lauthentik's ghost is severely damaged.
Lauthentik's ghost points at you and mumbles some strange words.
The magic dart hits you!
* * * LOW HITPOINT WARNING * * *
You hit lauthentik's ghost.
You kick lauthentik's ghost, but do no damage.
Lauthentik's ghost is severely damaged.
Lauthentik's ghost casts a spell at you.
The magic dart hits you!
* * * LOW HITPOINT WARNING * * *
Lauthentik's ghost points at you and mumbles some strange words.
The magic dart hits you!
You die...

#.†......# ..######.# ###
# ..## #..# ##### ##.##
...# ##..#########.######
##................#
########.......W@..#######
......)........).<........
#########...........).....
.................#######
#######..........#
#..........# ############


You could see lauthentik's ghost.

Vanquished Creatures
  Sigmund (D:2)
  4 adders
  A dart slug (D:1)
  2 leopard geckos (D:2)
  An orc (D:3)
  3 giant cockroaches
  5 goblins
  4 hobgoblins
  2 jackals (D:1)
  3 quokkas (D:2)
  3 ball pythons (D:3)
  7 bats
  A frilled lizard (D:2)
  5 kobolds
  7 rats
49 creatures vanquished.

Notes
Turn   | Place    | Note
-------+----------+-------------------------------------------
     0 | D:1      | torrenera the Demonspawn Fighter began the quest for the Orb.
     0 | D:1      | Reached XP level 1. HP: 18/18 MP: 1/1
    90 | D:1      | Reached skill level 2 in Long Blades
   228 | D:1      | Gained mutation: You are partially covered in iridescent scales. (AC +2) [demonic ancestry]
   228 | D:1      | Reached XP level 2. HP: 24/24 MP: 2/2
   872 | D:2      | Gained mutation: You regenerate a little health from kills. [demonic ancestry]
   872 | D:2      | Reached XP level 3. HP: 23/29 MP: 3/3
   884 | D:2      | Found a white marble altar of Elyvilon.
  1017 | D:2      | Reached skill level 3 in Long Blades
  1155 | D:2      | Noticed a dagger
  1155 | D:2      | Noticed a hand axe
  1170 | D:2      | Found a hide-covered altar of Uskayaw.
  1212 | D:2      | Noticed Sigmund
  1223 | D:2      | Killed Sigmund
  1223 | D:2      | Reached skill level 5 in Long Blades
  1223 | D:2      | Reached XP level 4. HP: 29/37 MP: 4/4
  1223 | D:2      | Gained mutation: You have large cloven feet. [demonic ancestry]
  1223 | D:2      | Reached XP level 5. HP: 34/42 MP: 5/5
  1494 | D:3      | Noticed lauthentik's ghost (amateur DrCj)
  1791 | D:3      | Killed from afar by lauthentik's ghost

Vault maps used:
D:1:      lightli_arrival_windingriver
D:2:      lemuel_coloured_pillars_altar, dancing_weapons_uskayaw, uniq_sigmund
D:3:      kennysheep_slug_shrine, lemuel_doored_altar, minmay_misc_feat_square,
          grunt_ministairs_4, minmay_misc_feat_rows, grunt_decor_mini_mirrors,
          st_stairs_2

Skill      XL: |  1  2  3 |
---------------+----------+-----
Long Blades    | 2 5 |  5.1
Fighting       | |  3.9
Armour         | |  2.6
Shields        | |  2.6

Action                   |  1- 3 |  4- 6 || total
-------------------------+-------+-------++-------
Melee: Long sword        |   109 |    44 ||   153
       Kick              |       |    12 ||    12
  Use: Potion            |     1 |       ||     1
  Eat: Chunk             |     1 |     2 ||     3
Armor: Scale mail        |    71 |    24 ||    95
Dodge: Dodged            |    30 |     7 ||    37
Block: Shield            |    66 |    24 ||    90
       Rpst.: Long sword |    11 |     1 ||    12

Table legend:
 A = Spawn XP
 B = Non-spawn XP
 C = Spawn XP percentage of total XP
 D = Spawn monster count
 E = Non-spawn monster count
 F = Spawn count percentage of total count
 G = Total turns spent on level
                    A         B        C        D         E        F      G
               +---------+---------+-------+---------+---------+-------+---------
         Total |       0 |     354 |   0.0 |       0 |      49 |   0.0 |  1791
               +---------+---------+-------+---------+---------+-------+---------
           D:1 |       0 |      37 |   0.0 |       0 |      14 |   0.0 |   831
           D:2 |       0 |     304 |   0.0 |       0 |      27 |   0.0 |   851
           D:3 |       0 |      13 |   0.0 |       0 |       8 |   0.0 |   109
               +---------+---------+-------+---------+---------+-------+---------
